Cogmind - Beta 14 @@@ ROGUE MODE // 2025.04.29 @ 17:56:34 Player: Player Result: Smashed by cave-in Performance ------------- Evolutions (0) 0 Regions Visited (2) 400 Robots Destroyed (46) 230 Value Destroyed (824) 824 Prototype IDs (11) 220 Alien Tech Used (0) 0 Bonus (0) 0 TOTAL SCORE: 1674 Bonus ------- None Cogmind --------- Core Integrity 0/250 Matter 50/300 Energy 265/265 System Corruption 5% Temperature Cool (0) Movement Treading (160) Location -10/Subcaves Parts ------- > --- POWER (1) -------- Improved Ion Engine > --- PROPULSION (2) --- Improved Treads Improved Treads > --- UTILITY (2) ------ Large Storage Unit > --- WEAPON (2) ------- Hammer > --- INVENTORY (15) --- Arachnoskeleton Subdweller Monowheel Structural Scanner Improved Terrain Scanner Utility Shielding Scrap Shield Makeshift Hacking Suite Tractor Beam Assault Rifle Datajack Peak State ------------ > --- POWER ------------ Ion Engine > --- PROPULSION ------- Improved Treads Improved Treads > --- UTILITY ---------- Large Storage Unit Signal Interpreter > --- WEAPON ----------- Subdweller Beam Cannon Subdweller Shrapnel Launcher > --- INVENTORY -------- Improved Ion Engine Improved Treads Arachnoskeleton Structural Scanner Improved Terrain Scanner Propulsion Shielding Utility Shielding Makeshift Hacking Suite Tractor Beam Subdweller Laser Assault Rifle Datajack Hammer [Rating: 15] Favorites ----------- Power Ion Engine Engine Ion Engine Propulsion Improved Treads Treads Improved Treads Utility Large Storage Unit Device Seismic Detector Storage Large Storage Unit Processor Signal Interpreter Protection Light Armor Plating Weapon Hammer Energy Gun EM Pulse Gun Energy Cannon Subdweller Beam Cannon Ballistic Gun Assault Rifle Ballistic Cannon Light Cannon Launcher Grenade Launcher Impact Weapon Hammer Build | -11 -10 -10 ------- Run | Yrd Mat Sub Slots Evolved . | . . . Power . | . . . Propulsion . | . . . Utility . | . . . Weapon . | . . . Parts Attached 52 | 7 17 28 Power 7 | 1 4 2 Engine 7 | 1 4 2 Core . | . . . Reactor . | . . . Propulsion 6 | 2 2 2 Treads 6 | 2 2 2 Leg . | . . . Wheel . | . . . Hover . | . . . Flight . | . . . Utility 8 | 2 1 5 Device 1 | 1 . . Storage 3 | 1 1 1 Processor 1 | . . 1 Hackware . | . . . Protection 3 | . . 3 Artifact . | . . . Weapon 31 | 2 10 19 Energy Gun 4 | 1 1 2 Energy Cannon 1 | . . 1 Ballistic Gun 5 | 1 2 2 Ballistic Cannon 5 | . 3 2 Launcher 8 | . 1 7 Special Weapon . | . . . Impact Weapon 8 | . 3 5 Slashing Weapon . | . . . Piercing Weapon . | . . . Special Melee Weapon . | . . . Unidentified Prototypes . | . . . Parts Lost 10 | . . 10 Power 2 | . . 2 Propulsion 2 | . . 2 Utility 3 | . . 3 Weapon 3 | . . 3 Highest Loss Streak 4 | . . 4 To Critical Strikes . | . . . Average Slot Usage (%) 96 | . 99 94 Engine 13 | . 14 13 Treads 27 | . 27 27 Device 6 | . 14 1 Storage 13 | . 14 13 Processor 3 | . . 6 Protection 1 | . . 3 Energy Gun 8 | . 13 4 Energy Cannon 1 | . . 3 Ballistic Gun 2 | . 4 1 Ballistic Cannon 5 | . 3 6 Impact Weapon 9 | . 5 11 Peak Build Rating 15 | 8 10 15 Average Rating 10 | 6 9 11 On Entrance 6 | . 8 10 Naked Turns . | . . . Heaviest Build 41 | 12 31 41 Greatest Support 46 | 40 46 46 Greatest Overweight (x) 1 | . . 1 Average Overweight (x) . | . . . Largest Inventory Capacity 15 | 8 15 15 Average Capacity 12 | 7 9 14 Most Carried 15 | 8 15 15 Average Carried 11 | 6 8 13 Final Capacity 15 | 8 15 15 Final Carried 15 | 8 15 13 Class Distribution -------------------- 100% | Mutant Dominant Class ---------------- Mutant | -10/Materials Mutant | -10/Subcaves Resources | -11 -10 -10 ----------- Run | Yrd Mat Sub Matter Collected 1054 | 291 352 411 Remotely . | . . . Salvage Created 1255 | 273 654 328 Parts 92 | 24 46 22 Haulers Intercepted 2 | . 2 . Recyclers Shooed 4 | . 4 . Parts Field Recycled . | . . . Retrieved Matter . | . . . Parts Self-Destructed 8 | . . 8 Prevented 2 | . . 2 Kills | -11 -10 -10 ------- Run | Yrd Mat Sub Combat Hostiles Destroyed 27 | . 12 15 Melee 1 | . . 1 Guns 10 | . 7 3 Cannons 6 | . 1 5 AOE 9 | . 4 5 Classes Destroyed 10 | 2 6 2 Worker 2 | . 2 . Builder 1 | . 1 . Tunneler 8 | 8 . . Hauler 2 | . 2 . Recycler 5 | 1 4 . Watcher 1 | . 1 . Swarmer 13 | . 9 4 Grunt 4 | . 3 1 Sentry 1 | . . 1 Subdweller 9 | . . 9 Best Kill Streak 4 | 3 4 4 Combat Bots Only 4 | . 3 4 Max Kills in Single Turn 3 | 1 3 1 Gunslinging . | . . . Exploded 2 | . 2 1 Melee 1 | . . 1 Uniques/NPCs Destroyed . | . . . Combat | -11 -10 -10 -------- Run | Yrd Mat Sub Hostile Shots Fired 143 | . 24 119 Missed 41 | . 4 37 Damage Taken 1864 | . 179 1685 Core 276 | . 8 268 Absorbed by Shields . | . . . Redirected to Shielding 18 | . . 18 Regen/Repaired (Parts) 30 | . 30 . Core Remaining (%) 100 | 100 . . Volleys Fired 109 | 22 36 51 Largest 2 | 2 2 2 Hottest 100 | 60 75 100 Shots Fired 186 | 44 71 71 Gun 120 | 44 58 18 Cannon 42 | . 10 32 Launcher 24 | . 3 21 Special . | . . . Kinetic 94 | 22 33 39 Thermal 15 | . . 15 Explosive 13 | . 3 10 Electromagnetic 64 | 22 35 7 Robot Hit Streak 17 | 7 6 17 Robot Miss Streak 5 | 5 5 5 Penetration Max . | . . . Secondary Targets . | . . . Shots Hit Robots 112 | 22 40 50 Core Hits 64 | 13 27 24 Critical Kills . | . . . Critical Parts Destroyed . | . . . Critical Strikes 2 | . 1 1 Corrupt 1 | . 1 . Smash 1 | . . 1 Melee Attacks 57 | . 15 42 Impact 57 | . 15 42 Slashing . | . . . Piercing . | . . . Sneak Attacks . | . . . Combat Hostiles . | . . . Follow-up Attacks . | . . . Damage Inflicted 2939 | 274 898 1767 Guns 810 | 238 454 118 Cannons 496 | . 106 390 Explosions 1511 | 36 335 1140 Melee 119 | . . 119 Ramming 3 | . 3 . Kinetic 1195 | 77 303 815 Thermal 487 | 36 113 338 Explosive 665 | . 222 443 Electromagnetic 470 | 161 257 52 Impact 119 | . . 119 Slashing . | . . . Piercing . | . . . Highest Corruption . | . . . Average Corruption . | . . . Corruption Purged . | . . . Corruption Blocked . | . . . Overload Shots . | . . . Overflow Damage 11 | . . 11 Projectiles . | . . . Explosions 7 | . . 7 Melee 4 | . . 4 Knockbacks 5 | . . 5 Impact 1 | . . 1 Kinetic 4 | . . 4 Secondary . | . . . Self-Inflicted Damage 151 | . . 151 Shots 9 | . . 9 Rammed 1 | . 1 . Targets Rammed 1 | . 1 . Kicked . | . . . Crushed . | . . . Highest Temperature 44 | 40 30 44 Average Temperature 14 | 14 12 19 Received Heat Transfer 132 | . 30 102 Siege Activations . | . . . Robots Corrupted 1 | . . 1 Combat Hostiles 1 | . . 1 Parts Fried 1 | . 1 . Impact Corruptions 1 | . . 1 Robots Melted . | . . . Combat Hostiles . | . . . Parts Melted 1 | 1 . . Heat Transferred 546 | 50 100 396 Parts Sabotaged . | . . . Parts Stolen . | . . . Parts Stripped . | . . . Power Chain Reactions 4 | 1 2 1 Alert | -11 -10 -10 ------- Run | Yrd Mat Sub Peak Influence 421 | 45 421 . Initial . | . . . Average 99 | 22 118 . Maximum Alert Level 2 | . 2 . Low Security (%) 74 | 100 68 . Level 1 20 | . 25 . Level 2 4 | . 5 . Level 3 . | . . . Level 4 . | . . . Level 5 . | . . . High Security . | . . . Max Security . | . . . Squads Dispatched 1 | . 1 . Investigation 1 | . 1 . Extermination . | . . . Reinforcement . | . . . Assault . | . . . Garrison . | . . . Intercept . | . . . Searches Triggered . | . . . Construction Impeded . | . . . Haulers Reinforced . | . . . Active Scanning Responses . | . . . Cargo Convoy Interrupts . | . . . Stealth | -11 -10 -10 --------- Run | Yrd Mat Sub Distress Signals . | . . . Communications Jammed . | . . . Distress Signals . | . . . Times Spotted 38 | . 21 17 Peak Tracking Total 6 | . 4 6 Tactical Retreats 4 | . 2 2 Traps | -11 -10 -10 ------- Run | Yrd Mat Sub Traps Triggered 1 | . 1 . Indirectly . | . . . Trap Hack Attempts . | . . . Triggered . | . . . Disarmed . | . . . Reprogrammed . | . . . Reused . | . . . Traps Extracted . | . . . Installed . | . . . Triggered . | . . . Machines | -11 -10 -10 ---------- Run | Yrd Mat Sub Machines Disabled 5 | . 4 1 Max in Single Turn 1 | . 1 1 Machines Repaired . | . . . Machines Dismantled . | . . . Machines Sabotaged . | . . . Overloaded Fab Kills . | . . . Hacking | -11 -10 -10 --------- Run | Yrd Mat Sub Machines Accessed 11 | . 10 1 Terminals 7 | . 7 . Fabricators . | . . . Repair Stations 1 | . 1 . Recycling Units 2 | . 2 . Scanalyzers . | . . . Garrison Access . | . . . Total Hacks 19 | . 17 2 Successful 12 | . 10 2 Failed 7 | . 7 . Catastrophic 3 | . 3 . Database Lockouts . | . . . Manual 8 | . 8 . Terminals 12 | . 12 . Fabricators . | . . . Repair Stations 2 | . 2 . Recycling Units 3 | . 3 . Scanalyzers . | . . . Garrison Access . | . . . Terminal Hacks 7 | . 5 2 Record 1 | . . 1 Alert Level 2 | . 2 . Unreport Threat 1 | . 1 . Zone Layout 2 | . 2 . Derelict Proto ID Bank 1 | . . 1 Fabricator Hacks . | . . . Repair Station Hacks 2 | . 2 . Scan Component 1 | . 1 . Repair 1 | . 1 . Recycling Unit Hacks 2 | . 2 . Report Inventory 2 | . 2 . Scanalyzer . | . . . Garrison Access Hacks . | . . . Unauthorized Hacks 1 | . 1 . Terminals 1 | . 1 . Botnet 1 | . 1 . Fabricators . | . . . Repair Stations . | . . . Recycling Units . | . . . Scanalyzers . | . . . Garrison Access . | . . . Data Cores Recovered . | . . . Used . | . . . Hacking Detections 6 | . 6 . Full Trace Events . | . . . Feedback Events . | . . . Feedback Blocked . | . . . Robot Schematics Acquired . | . . . Robots Built . | . . . Authchips . | . . . Time . | . . . Total Robot Build Rating . | . . . Part Schematics Acquired . | . . . Parts Built . | . . . Authchips . | . . . Time . | . . . Total Part Build Rating . | . . . Parts Repaired 1 | . 1 . Time 26 | . 26 . Parts Recycled . | . . . Recycled Matter . | . . . Retrieved Matter . | . . . Retrieved Components . | . . . Parts Scanalyzed . | . . . Part Schematics Acquired . | . . . Parts Damaged . | . . . Bothacking | -11 -10 -10 ------------ Run | Yrd Mat Sub Used RIF Installer . | . . . Robots Hacked . | . . . Non-combat . | . . . Combat . | . . . Robot Hacks Applied . | . . . Relay Couplers Released . | . . . Fabnet Peak Effective % . | . . . Robots Rewired . | . . . Allies Hacked . | . . . Hacks Repelled . | . . . Allies | -11 -10 -10 -------- Run | Yrd Mat Sub Total Allies . | . . . Largest Group . | . . . Highest-Rated Group . | . . . Highest-Rated Ally . | . . . Total Orders . | . . . Ally Attacks . | . . . Total Damage . | . . . Kills . | . . . Allies Corrupted . | . . . Allies Melted . | . . . Intel | -11 -10 -10 ------- Run | Yrd Mat Sub Robot Analysis Total . | . . . Derelict Logs Recovered 2 | . . 2 Drone Launches . | . . . Drone Recoveries . | . . . Exploration | -11 -10 -10 ------------- Run | Yrd Mat Sub Turns Passed 4530 | 417 1658 2455 Spaces Moved 2398 | 209 874 1315 Core 6 | 6 . . Treads 2392 | 203 874 1315 Legs . | . . . Wheels . | . . . Hover . | . . . Flight . | . . . Fastest Speed 50 | 50 160 160 Average Speed 161 | 156 160 163 Slowest Speed 240 | 160 160 240 Overloaded Moves . | . . . Propulsion Burnouts . | . . . Robots Hopped . | . . . Cave-ins Triggered 1 | . . 1 Exploration Rate (%) 62 | 10 99 79 Regions Visited 2 Branch Regions 1 Pre-discovered Areas 3 | . . 3 Known Exits Taken . | . . . Unknown Exits Taken 2 | 1 1 . Scrap Searched 2 | . . 2 Spaces Dug 15 | . 8 7 Terrain Destroyed 169 | . 21 148 Melee 15 | . 8 7 Projectile 4 | . . 4 AOE 150 | . 13 137 Terrain Rammed . | . . . Walls Destroyed . | . . . Machines Disabled . | . . . Actions | -11 -10 -10 --------- Run | Yrd Mat Sub Total 2772 | 260 1042 1470 Wait 84 | 10 64 10 Move 2396 | 208 873 1315 Hop . | . . . Pick Up 45 | 11 18 16 Fast Attach 12 | 6 4 2 Attach 13 | 1 . 12 Detach 2 | . 1 1 Swap 27 | . 13 14 Drop 26 | 2 17 7 Fire 109 | 22 36 51 Melee 57 | . 15 42 Ram . | . . . Kick . | . . . Crush 1 | . 1 . Escape Stasis . | . . . Rewire . | . . . Trap . | . . . Miscellaneous . | . . . Route ------- -11/Scrapyard -10/Materials (discovered 5 exits: [*Mat x3] / [*Min] / *Sub) -10/Subcaves (discovered 3 exits: *Mat x2 / [*Rec]) History --------- Turn | Location | Event 12 | -11/Scrapyard | Discovered new exit (range 15) 418 | -11/Scrapyard | Entered Materials 419 | -10/Materials | Build established: Mutant 849 | -10/Materials | Discovered new exit (range 15) 982 | -10/Materials | Discovered new exit (range 6) 1195 | -10/Materials | Discovered new exit (range 16) 1605 | -10/Materials | Discovered new exit (range 14) 1668 | -10/Materials | Repaired EM Pulse Gun 2057 | -10/Materials | Discovered new exit (range 12) 2076 | -10/Materials | Entered Subcaves 2539 | -10/Subcaves | Shifting Twisted Machinery released Sub. Power Source 2540 | -10/Subcaves | Discovered new exit (range 11) 2725 | -10/Subcaves | Core integrity fell below 50% 2770 | -10/Subcaves | Lost 4 parts (1n1u2w) 2917 | -10/Subcaves | Core integrity fell below 20% 2945 | -10/Subcaves | Learned location of Mines (-8) 2987 | -10/Subcaves | A swath of the cavern ceiling suddenly collapsed 3187 | -10/Subcaves | Learned location of Zion (-7) 3235 | -10/Subcaves | Discovered new exit (range 9) 3242 | -10/Subcaves | Shifting Twisted Machinery released Sub. Laser 3247 | -10/Subcaves | Identified exit to Materials 3270 | -10/Subcaves | Met a Zionite searching for "candidates" 3431 | -10/Subcaves | Shifting Twisted Machinery released Sub. Laser 3778 | -10/Subcaves | Visited 4L-MR0's lab 3798 | -10/Subcaves | Found Arachnoskeleton 4387 | -10/Subcaves | Discovered new exit (range 16) 4532 | -10/Subcaves | Crushed by falling debris 4532 | -10/Subcaves | Smashed by cave-in Last Messages --------------- 04412_ Subatomizers dissect the Broken Sub. Beam Cannon, destroying it. 04414_ Acquired Structural Scanner. 04417_ Acquired Datajack. 04419_ Acquired Sub. Laser. 04422_ Subatomizers dissect the Sub. Optics. 04422_ Acquired Tractor Beam. 04424_ Acquired Mak. Hacking Suite. 04427_ Acquired Utility Shielding. 04430_ Acquired Propulsion Shielding. 04434_ Subatomizers dissect the Sub. Optics. 04443_ Acquired 58 matter. 04446_ Subatomizers dissect the Sub. Optics. 04447_ Acquired Sub. Monowheel. 04459_ Subatomizers dissect the Sub. Optics. 04530_ The unstable cave ceiling collapses. 04532_ Crushed by falling debris. 04532_ Sub. Laser destroyed. 04532_ System corrupted by crushing effect (+5). 04532_ Propulsion Shielding destroyed. Map ----- +----------------------------------------------------+ | ####" "" #?????"""#?????????????? | | ## #?# #???## "#??????????????? | | ## # ##?# ######""#???????????????? | | ##### ### "" ##### ## "#???????????????? | | #??## ## """ " #?# "" "##??? """???????? | | #??# """"" "### "" "##" #???????? | | ??## """ "# # "" """ #????????? | | ??# " #" ##""""#?????????? | | ### " ## ##" ##?"""#??????????? | | # "###### ##??"##??????????? | | #### ### "#"""#???## #?"""#??????????? | | #??###### ## ##?### ### ####????????? | | ##?## ### ## ### ##???????? | | ### ## ### ## #???????? | | ###### ## ### ## #???????? | | ?????# "## ## ### ##???????? | | ????## ! ! #"# #????#????????? | | ????# ### #?????????????? | | ????# ###?# ##?????????????? | | ##??## ##???##### ###??????????????? | | "#???##"% #######????????# ##???????????????? | | "#????## ###??????????????# #???????????????? | | ####??# ###??????????????# #???????????????? | | #??## "#?????????????## ##???????????????? | | # "#???## ????#### ##???????????????? | | #" #????# <#@ # ##??????????????? | | ] #????## ""?#### ## ##?????????????? | | [ "#?????# "## "???# ### ##????????????? | | #####??# ##?? "???# ### #????????????? | | "#"## ##?# #?????"""???## #????????????? | | ### ### ##?##?###?????## ##???????????? | | ## ### ??#"##"###????## #####????#??? | | #? "#??#"#"""##????## #??? #? | | # ###### ##???#"#"#"#?????## ##??? ## | | ## ##?# ###????#"##"##??????## #??? | | ?# ##?# #??????#""####???????#### ##?# | | ## ##? ##?????###"""#??????????## ## | | ## ##?????##"###????????# ## | | ###???#""#??????????# | | ### #?### "#???????# ## ### | | ## # #?## ###??????# "#### ""#???? | | #??# ##??????## #??## ""#?????? | | ## #??## ##??????# ##### ""##?????? | | ### #### #???## #??????# ?#" "##??????? | | ###?###??# ##??# ##?????# ??#"" "#???????? | | ?????????## #??## #?????# ???##" "#???????? | | ??????????# ##???# #?? ?#?????## ##??????? | | ??????????# #???### #? ??????### #####??? | | ??????????# #?????# ##? ####### #""" #??? | | ??????????# #?????# ##?# ##??? | +----------------------------------------------------+ Best States ------------- Heat Dissipation 25 Energy Generation 12 Energy Capacity 265 Matter Stores 300 Matter Capacity 300 Sight Range 16 Terrain Scan Density 10 Armor Coverage 800 Propulsion Shielding 33 Evasion (%) 40 Recoil Reduction 2 Item Schematics ----------------- None Robot Schematics ------------------ None Fabricated ------------ Nothing Alien Tech Used ----------------- None Achievements -------------- None Challenges ------------ None Game ------ Seed TrapImprovedBank Manual? 0 Play Time 00:46:48 Cumulative 125.1 hours Start 2025.04.29 @ 17:02:22 End 2025.04.29 @ 17:56:34 Sessions 1 Manual Loads 0 Difficulty Rogue Special Mode None Game No. 85 Rogue 85 Adventurer 0 Explorer 0 Win Type - Total 1 Types 1/0/0/0/0/0/0/0/0 Lore% 17 Gallery% 44 Achievement% 33 Wizard Run 0 Options --------- Layout 1 ASCII 0 Keyboard 0 Movement Mouse Keybinds 0 Fullscreen 1 Font 24/Smallcaps Map View 50x35 Zoom Use 0% Tactical HUD 1 Map Filters NONE Filters NONE Steam 1 RUN: 26e6fcde-da87-475b-908b-c08cac88e60e